 Dungeon Crawl Stone Soup version 0.17-a0-1069-g92ad481 (webtiles) character file.

80 Gorice the Skirmisher (level 4, -3/29 HPs)
             Began as a Tengu Wanderer on May 17, 2015.
             Killed from afar by Sigmund (8 damage)
             ... with a puff of flame
             ... on level 2 of the Dungeon.
             The game lasted 00:06:20 (985 turns).

Gorice the Skirmisher (Tengu Wanderer)               Turns: 985, Time: 00:06:20

Health: -3/29      AC:  6    Str: 13    XL:     4   Next: 39%
Magic:  5/5        EV:  9    Int: 10    God:
Gold:   52         SH:  5    Dex: 16    Spells: 0 memorised, 3 levels left

rFire  . . .     SeeInvis .     a - +2 short sword (drain)
rCold  . . .     Clarity  .     r - +0 scale mail
rNeg   . . .     SustAb   .     c - +0 buckler
rPois  .         Gourm    .     (helmet restricted)
rElec  .         Spirit   .     (no cloak)
rCorr  .         Warding  .     (no gloves)
rMut   .         Stasis   .     (boots unavailable)
MR     .....                    (no amulet)
Stlth  +.........               (no ring)
                                (no ring)

@: drained, not resistant to hostile enchantments, very unstealthy
A: beak, talons 3
a: no special abilities


You were on level 2 of the Dungeon.
You were not hungry.

You visited 1 branch of the dungeon, and saw 2 of its levels.

You collected 52 gold pieces.

Inventory:

Hand weapons
 a - a +2 short sword of draining (weapon)
   (You found it on level 1 of the Dungeon)
 b - a +0 hunting sling
 j - a +0 whip
 l - a +3 mace of draining
   (You took it off Terence on level 2 of the Dungeon)
 u - a +0 dagger
Missiles
 d - 13 poisoned needles
 i - 4 tomahawks of returning (quivered)
 o - 46 sling bullets
 Z - 44 stones
Armour
 c - a +0 buckler (worn)
 m - a +0 chain mail
 r - a +0 scale mail (worn)
Magical devices
 e - a wand of confusion (15)
Scrolls
 n - a scroll of teleportation {!r}
 t - a scroll of blinking
 w - a scroll of immolation {unknown}
 x - a scroll of fear {unknown}
Potions
 k - a potion of might {!q}
 q - a potion of brilliance {unknown}
 s - a potion of lignification {unknown}
 v - a potion of magic {unknown}
Comestibles
 f - a bread ration {!e}
 h - 4 chunks of flesh
 p - 2 meat rations {!e}


   Skills:
 + Level 4.0(3.9) Fighting
 - Level 2.1(2.0) Dodging
 - Level 3.0(2.8) Stealth
 + Level 3.0(2.9) Shields
 - Level 1.0(0.8) Evocations


You had 3 spell levels left.
You didn't know any spells.

Dungeon Overview and Level Annotations

Branches:
Dungeon (2/15)

Altars:

Annotations:
D:2 Sigmund


Innate Abilities, Weirdness & Mutations

You have a beak for a mouth.
You have claws for feet.


Message History

Your scale mail prevents you from hitting Sigmund.
Your kick misses Sigmund.
Sigmund is severely wounded.
Drink which item? (? for menu, Esc to quit)
You feel better. You block Sigmund's attack.
You barely miss Sigmund. You claw Sigmund, but do no damage.
Sigmund is severely wounded.
Sigmund hits you but does no damage.
You hit Sigmund.
Sigmund is severely wounded.
Sigmund points at you and mumbles some strange words.
The puff of flame hits you!
Damage: 4 (max 7)
You barely miss Sigmund. You claw Sigmund, but do no damage.
Sigmund is severely wounded.
Sigmund barely misses you.
You closely miss Sigmund.
Sigmund is severely wounded.
You completely miss Sigmund. Your kick misses Sigmund.
You peck Sigmund, but do no damage.
Sigmund is severely wounded.
Sigmund says, "I'm your fate." You block Sigmund's attack.
You hit Sigmund. Your kick misses Sigmund. You peck Sigmund, but do no damage.
Sigmund is severely wounded.
Sigmund points at you and mumbles some strange words.
You resist with some effort.
You hit Sigmund. You drain Sigmund! Your kick misses Sigmund.
Your peck misses Sigmund.
Sigmund is almost dead.
Sigmund casts a spell at you. The magic dart hits you!
You closely miss Sigmund. Your kick misses Sigmund. Your peck misses Sigmund.
Sigmund is almost dead.
Sigmund barely misses you.
You closely miss Sigmund. Your kick misses Sigmund.
Sigmund is almost dead.
Sigmund hits you but does no damage.
You closely miss Sigmund.
Sigmund is almost dead.
Sigmund casts a spell at you. The puff of flame hits you!
* * * LOW HITPOINT WARNING * * *
Damage: 7 (max 7) Unknown command.
You barely miss Sigmund. You claw Sigmund, but do no damage. You peck Sigmund.
Sigmund is almost dead.
Sigmund points at you and mumbles some strange words.
The puff of flame hits you!
You die...

#.#....#..##
#.##....#.#..#
#.##..###.#..## #.##..#
#.#.... #.##..###.#..##
#.##.........##
#.##...........
##########............##
......@@......####.#####
############### ##.##
##...## #..#..###
#.###.... #..#..##.
##...#### #####


You could see Sigmund.

Vanquished Creatures
  Terence (D:2)
  3 adders
  6 bats
  4 goblins
  5 hobgoblins
  A quokka (D:2)
  A giant newt (D:2)
  6 kobolds (D:1)
  4 rats
31 creatures vanquished.

Notes
Turn   | Place    | Note
--------------------------------------------------------------
     0 | D:1      | Gorice the Tengu Wanderer began the quest for the Orb.
     0 | D:1      | Gorice set off with: a wand of confusion (15), a scroll of teleportation {!r}, a +0 buckler, a +0 robe, a +0 dagger, a bread ration {!e}
     0 | D:1      | Reached XP level 1. HP: 14/14 MP: 2/2
   111 | D:1      | Reached XP level 2. HP: 10/19 MP: 3/3
   465 | D:1      | Reached skill level 2 in Shields
   513 | D:1      | Reached XP level 3. HP: 19/23 MP: 4/4
   693 | D:2      | Noticed Terence
   703 | D:2      | Killed Terence
   703 | D:2      | Reached skill level 4 in Fighting
   703 | D:2      | Reached XP level 4. HP: 27/29 MP: 5/5
   854 | D:2      | Reached skill level 3 in Shields
   961 | D:2      | Noticed Sigmund
   984 | D:2      | HP: 5/29 [Sigmund/puff of flame (7)]
   985 | D:2      | Killed from afar by Sigmund

Vault maps used:
D:1:      saegor_arrival_simple_e, minmay_misc_feat_rows, serial_bayou_pond_c
D:2:      first_bread, minmay_cut_off, uniq_terence, uniq_sigmund,
          uniq_crazy_yiuf_cottage

Action                   |  1- 3 |  4- 6 || total
-------------------------+-------+-------++-------
Melee: Dagger            |    23 |       ||    23
       Short sword       |    38 |    35 ||    73
 Fire: Hunting sling     |       |     2 ||     2
Throw: Stone             |     6 |       ||     6
  Use: Scroll            |     5 |       ||     5
       Potion            |       |     1 ||     1
 Stab: Sleeping          |     2 |       ||     2

Table legend:
 A = Turns spent in this place as a percentage of turns spent in the entire game.
 B = Non-inter-level travel turns spent in this place as a percentage of non-inter-level travel turns spent in the entire game.
 C = Inter-level travel turns spent in this place as a percentage of turns spent in this place.
 D = Turns resting spent in this place as a percentage of non-inter-level travel turns spent in this place.
 E = Turns spent auto-exploring this place as a percentage of non-inter-level travel turns spent in this place.
 F = Non-inter-level travel turns spent in this place divided by the number of levels of this place that you've seen.
                   A       B       C       D       E      F
               +-------+-------+-------+-------+-------+----------------------
         Total | 100.0 | 100.0 |   0.2 |   1.1 |   4.7 | 266.5
       Dungeon | 100.0 | 100.0 |   0.2 |   1.1 |   4.7 | 266.5
               +-------+-------+-------+-------+-------+----------------------

Vault maps used:
D:1:      saegor_arrival_simple_e, minmay_misc_feat_rows, serial_bayou_pond_c
D:2:      first_bread, minmay_cut_off, uniq_terence, uniq_sigmund,
          uniq_crazy_yiuf_cottage
